 Dungeon Crawl Stone Soup version 0.19-a0-1676-g39ae8cc (webtiles) character file.

7659 4thArraOfDagon the Grappler (level 10, -6/81 HPs)
             Began as a Troll Wanderer on Sept 23, 2016.
             Was a Priest of Qazlal.
             Hit by a large rock thrown by a cyclops (35 damage)
             ... on level 11 of the Dungeon.
             The game lasted 00:15:58 (3393 turns).

4thArraOfDagon the Grappler (Troll Wanderer)        Turns: 3393, Time: 00:15:59

Health: -6/81      AC:  6    Str: 23    XL:     10   Next: 99%
Magic:  14/14      EV:  8    Int: 13    God:    Qazlal [***...]
Gold:   102        SH: 14    Dex: 13    Spells: 1 memorised, 8 levels left

rFire  . . .     SeeInvis .       - Unarmed
rCold  . . .     Gourm    +     I - +1 robe of Dithmenos's Scorn {*Corrode Dex+4 Slay+3}
rNeg   . . .     Faith    .     l - +0 shield (curse)
rPois  .         Spirit   .     c - +0 hat {Int+3}
rElec  .         Dismiss  .     (no cloak)
rCorr  .         Reflect  .     (gloves unavailable)
MR     .....     Harm     .     (boots unavailable)
Stlth  ..........               i - amulet of magic regeneration
                                (no ring)
                                B - ring of loudness (curse)

@: no status effects
A: unfitting armour, claws 3, fast metabolism 3, gourmand, regeneration 1,
shaggy fur 1, tough skin 2
a: Upheaval, Elemental Force, Renounce Religion


You were on level 11 of the Dungeon.
You worshipped Qazlal.
Qazlal was most pleased with you.
You were very full.

You visited 1 branch of the dungeon, and saw 11 of its levels.

You collected 284 gold pieces.
You spent 182 gold pieces at shops.

Inventory:

Missiles
 z - a throwing net (quivered)
Armour
 c - a +0 hat of intelligence (worn)
 d - a +0 robe
 l - a cursed +0 shield (worn)
 I - the +1 robe of Dithmenos's Scorn (worn) {*Corrode Dex+4 Slay+3}
   (You bought it in a shop on level 9 of the Dungeon)

   It affects your dexterity (+4).
   It affects your accuracy and damage with ranged weapons and melee attacks
   (+3).
   It may corrode you when you take damage.
Magical Staves
 g - an uncursed staff of cold
 r - an uncursed staff of conjuration {!a}
Jewellery
 i - an amulet of magic regeneration (around neck)
 B - a cursed ring of loudness (left claw)
Wands
 o - a wand of confusion (0/48)
 q - a wand of teleportation (1/9)
 y - a wand of flame (28/48)
 K - a wand of confusion (30/48)
 N - a wand of paralysis (6/24)
Scrolls
 h - 5 scrolls of recharging
 k - a scroll of enchant weapon {unknown}
 m - 2 scrolls of enchant armour {unknown}
 p - a scroll of brand weapon {unknown}
 s - a scroll of teleportation {unknown}
 A - 2 scrolls of fear {unknown}
 C - 2 scrolls of remove curse {unknown}
 E - 2 scrolls of blinking {unknown}
 J - a scroll of random uselessness {unknown}
 M - a scroll of amnesia {unknown}
Potions
 e - 3 potions of haste
 j - 2 potions of brilliance
 n - a potion of invisibility
 u - a potion of flight
 v - 2 potions of cure mutation
 w - a potion of cancellation
 x - a potion of curing
 D - a potion of degeneration
 L - a potion of heal wounds {unknown}
Books
 a - a Young Poisoner's Handbook

   Spells                             Type                      Level
   a - Sting                          Conjuration/Poison           1
   b - Mephitic Cloud                 Conjuration/Poison/Air       3
   c - Olgreb's Toxic Radiance        Poison                       4
   d - Alistair's Intoxication        Transmutation/Poison         5
   e - Venom Bolt                     Conjuration/Poison           5
 b - Yprakub's Grimoire of the Volcanoes

   Spells                             Type                      Level
   a - Flame Tongue                   Conjuration/Fire             1
   b - Ignite Poison                  Fire/Transmutation/Poison    3
Miscellaneous
 G - a disc of storms
 H - a sack of spiders
Comestibles
 f - 5 bread rations
 t - 2 meat rations
 F - 10 royal jellies


   Skills:
 - Level 1.0 Throwing
 - Level 1.0 Stealth
 + Level 6.9 Shields
 * Level 11.8 Unarmed Combat
 - Level 1.0 Spellcasting
   Level 1.3 Fire Magic
   Level 3.7 Poison Magic
 + Level 7.7 Invocations


You had 8 spell levels left.
You knew the following spells:

 Your Spells              Type           Power        Failure   Level  Hunger
a - Regeneration          Chrm/Necr      #.........   97%         3    ####...


Dungeon Overview and Level Annotations

Branches:
Dungeon (11/15)            Temple (0/1) D:4
   Lair: D:8-11         Orc: D:9-12

Altars:
Gozag
Qazlal
Sif Muna
Zin

Shops:
D:9 [

Annotations:
D:5 Blork the orc, Grinder


Innate Abilities, Weirdness & Mutations

You are too large for most types of armour.
You have claws for hands.
Your metabolism is lightning-fast.
You like to eat raw meat.
Your natural rate of healing is unusually fast.
You are covered in fur. (AC +1)
You have very tough skin. (AC +2)


Message History

You hear a shout!
Unknown command.
You hear an angry hiss.
You hear an angry hiss.
You block the shadow imp's attack.
Found 27 gold pieces.
An adder and a cyclops come into view.
Unknown command.
Unknown command.
Unknown command.
Unknown command.
Unknown command.
Unknown command.
Okay, then.
Unknown command.
Unknown command.
Unknown command.
Unknown command.
The cyclops throws a large rock.
The large rock hits you!!
You die...

..........
.........#########
#......#...<...#
#......#.......#
#......#.......# .
#......).......+ ...
#......#########
$...#######.............
...........§@...#####.##
.......C...5....#
........S..##...#
.......######...#
...#### ....# ## #...[..
#....... #....####
.....#≈≈#


You could see a cyclops, an adder and a shadow imp.

Vanquished Creatures
  Gastronok (D:10)
  2 hill giants
  An ugly thing (D:10)
  A centaur skeleton (D:10)
  A troll (D:9)
  6 yaks (D:10)
  4 hungry ghosts
  2 soldier ants (D:8)
  A water moccasin (D:6)
  2 sky beasts
  3 orc warriors
  A phantom (D:8)
  An ogre (D:8)
  4 centaurs
  2 big kobolds
  A scorpion (D:5)
  A jelly (D:10)
  9 wights
  2 howler monkeys
  2 crimson imps
  A quasit (D:7)
  4 hounds
  4 orc priests
  A bullfrog skeleton (D:10)
  2 iguanas
  11 orc wizards
  5 worker ants
  A killer bee zombie (D:10)
  A hound skeleton (D:4)
  4 gnolls (D:8)
  3 howler monkey skeletons
  2 adders
  An ooze (D:5)
  2 adder skeletons
  3 worms
  A dart slug (D:2)
  2 leopard geckos
  13 orcs
  2 bats (D:3)
  4 giant cockroaches
  2 goblins (D:2)
  A hobgoblin (D:3)
  5 jackals
  3 quokkas
  A ball python (D:1)
  2 frilled lizards (D:4)
  11 kobolds
  3 rats
142 creatures vanquished.

Notes
Turn   | Place    | Note
-------+----------+-------------------------------------------
     0 | D:1      | 4thArraOfDagon the Troll Wanderer began the quest for the Orb.
     0 | D:1      | 4thArraOfDagon set off with: a Young Poisoner's Handbook, Yprakub's Grimoire of the Volcanoes, a potion of lignification, a +0 robe, a +0 club, 2 bread rations
     0 | D:1      | Reached XP level 1. HP: 16/16 MP: 1/1
    84 | D:1      | Reached skill level 1 in Unarmed Combat
   127 | D:2      | Reached XP level 2. HP: 19/24 MP: 2/2
   149 | D:2      | Found an opulent altar of Gozag.
   214 | D:2      | Reached skill level 2 in Unarmed Combat
   358 | D:3      | Reached XP level 3. HP: 28/31 MP: 3/3
   462 | D:4      | Reached skill level 3 in Unarmed Combat
   492 | D:4      | Found a stormy altar of Qazlal.
   499 | D:4      | Became a worshipper of Qazlal Stormbringer
   507 | D:4      | Reached XP level 4. HP: 39/39 MP: 4/4
   563 | D:4      | Noticed a centaur
   573 | D:4      | Reached skill level 1 in Shields
   581 | D:4      | Killed a centaur
   581 | D:4      | Reached skill level 4 in Unarmed Combat
   581 | D:4      | Reached skill level 1 in Invocations
   581 | D:4      | Reached XP level 5. HP: 11/45 MP: 5/5
   671 | D:5      | Entered Level 5 of the Dungeon
   695 | D:5      | Noticed Blork the orc
   716 | D:4      | Found a staircase to the Ecumenical Temple.
   741 | D:4      | jacquesderrida: Henireni
   785 | D:4      | ReniFell: ?
   817 | D:4      | jacquesderrida: ty sasesh
   823 | D:5      | jacquesderrida: :D
   840 | D:5      | Noticed a sky beast
   860 | D:5      | Killed a sky beast
   860 | D:5      | Reached XP level 6. HP: 23/53 MP: 6/6
   935 | D:5      | ReniFell: no
   939 | D:5      | jacquesderrida: Status: isklyuchen iz kompartoo
   971 | D:5      | jacquesderrida: Status: isklyuchen iz kompartii
  1024 | D:5      | Reached skill level 5 in Unarmed Combat
  1036 | D:5      | ReniFell: juk-huyak
  1097 | D:5      | Noticed Grinder
  1102 | D:6      | Reached XP level 7. HP: 59/59 MP: 7/7
  1135 | D:6      | jacquesderrida: o.o;
  1144 | D:6      | jacquesderrida: WOW rude
  1202 | D:7      | Noticed a hungry ghost
  1227 | D:7      | Killed a hungry ghost
  1227 | D:7      | Reached skill level 6 in Unarmed Combat
  1298 | D:6      | Found a deep blue altar of Sif Muna.
  1347 | D:6      | Identified Yprakub's Grimoire of the Volcanoes
  1351 | D:6      | Learned a level 3 spell: Regeneration
  1381 | D:7      | Reached * piety under Qazlal
  1408 | D:7      | Reached skill level 7 in Unarmed Combat
  1408 | D:7      | Reached XP level 8. HP: 14/67 MP: 9/9
  1723 | D:7      | Found a glowing silver altar of Zin.
  1819 | D:8      | Reached skill level 8 in Unarmed Combat
  2098 | D:8      | Reached XP level 9. HP: 28/74 MP: 11/11
  2178 | D:8      | Reached skill level 5 in Invocations
  2264 | D:8      | Reached ** piety under Qazlal
  2318 | D:8      | Reached skill level 9 in Unarmed Combat
  2427 | D:9      | Found Moxaepn's Antique Armour Boutique.
  2437 | D:9      | Bought a heavily jewelled robe for 182 gold pieces
  2447 | D:9      | Identified the +1 robe of Dithmenos's Scorn {*Corrode Dex+4 Slay+3} (You bought it in a shop on level 9 of the Dungeon)
  2478 | D:9      | Noticed a troll
  2505 | D:9      | Killed a troll
  2568 | D:10     | Entered Level 10 of the Dungeon
  2573 | D:10     | Noticed a red ugly thing
  2590 | D:10     | Killed a red ugly thing
  2590 | D:10     | Reached skill level 5 in Shields
  2777 | D:10     | Reached skill level 10 in Unarmed Combat
  2897 | D:10     | Noticed Gastronok
  3019 | D:10     | Killed Gastronok
  3019 | D:10     | Reached skill level 11 in Unarmed Combat
  3019 | D:10     | Reached XP level 10. HP: 66/81 MP: 12/14
  3107 | D:10     | Noticed a hill giant
  3108 | D:10     | Killed a hill giant
  3281 | D:10     | Reached *** piety under Qazlal
  3361 | D:11     | Noticed a hill giant
  3371 | D:11     | Killed a hill giant
  3389 | D:11     | Noticed a cyclops
  3393 | D:11     | Hit by a large rock thrown by a cyclops

Vault maps used:
D:1:      eino_arrival_druids_welcome, minmay_misc_feat_roman
D:2:      old_standard_altar, uniq_jessica
D:3:      lemuel_round_altar, first_bread
D:4:      kennysheep_goblin_castle, grunt_qazlal_clouds
D:5:      nemelex_xobeh_ov_fountains_minmay, hangedman_ru_absence,
          uniq_blork_the_orc, uniq_grinder
D:6:      bloody_makhleb, old_standard_altar, grunt_decor_mini_mirrors,
          roderic_filled_cross, dk_noncrumbling_3
D:7:      lemuel_upstairs_altar, kiku_gazebo_pond_becter,
          kennysheep_generic_room_14
D:8:      hangedman_pestilent_swarm
D:9:      serial_shops, shop_fountains
D:10:     minmay_flawed_box, uniq_gastronok
D:11:     minmay_ornate_pinched, minmay_lair_entry_lava,
          minmay_guarded_unrand_resistance, uniq_harold

Skill      XL: |  1  2  3  4  5  6  7  8  9 10 |
---------------+-------------------------------+-----
Unarmed Combat | 1 2 3 4 5 7 8 11 | 11.8
Shields        | 1 2 3 4 6 |  6.9
Invocations    | 1 2 3 4 6 7 |  7.7
Throwing       | |  1.0
Stealth        | |  1.0
Spellcasting   | |  1.0
Fire Magic     | |  1.3
Poison Magic   | |  3.7

Action                   |  1- 3 |  4- 6 |  7- 9 | 10-12 || total
-------------------------+-------+-------+-------+-------++-------
Melee: Unarmed           |    77 |    86 |   346 |    66 ||   575
Invok: Upheaval          |       |       |     1 |     2 ||     3
Evoke: Wand              |       |       |    18 |     2 ||    20
       Sack of spiders   |       |       |     2 |       ||     2
  Use: Potion            |       |     1 |     2 |       ||     3
       Scroll            |       |     4 |     7 |     1 ||    12
 Stab: Sleeping          |     2 |       |       |       ||     2
       Confused          |       |       |     6 |       ||     6
  Eat: Chunk             |     5 |    11 |    37 |     3 ||    56
       Pizza             |       |       |     1 |       ||     1
       Fruit             |       |       |     1 |       ||     1
Armor: Robe              |    25 |    18 |    47 |     7 ||    97
       Skin              |       |     1 |     1 |       ||     2
Dodge: Dodged            |    18 |    23 |    56 |     7 ||   104
Block: Shield            |     9 |    29 |   145 |    29 ||   212
